 Dungeon Crawl Stone Soup version 0.31-a0-202-g547052bce9 (webtiles) character file.

Game seed: 11330620322691927101

84 qw the Shooter (level 4, 0/25 HPs)
             Began as a Deep Elf Hunter on June 26, 2023.
             Killed from afar by a dart slug (4 damage)
             ... with a slug dart
             ... on level 3 of the Dungeon.
             The game lasted 00:00:36 (1549 turns).

qw the Shooter (Deep Elf Hunter)                    Turns: 1549, Time: 00:00:36

Health: 0/25       AC:  3    Str: 10    XL:     4   Next: 24%
Magic:  6/6        EV: 13    Int: 14    God:
Gold:   83         SH:  0    Dex: 24    Spells: 3/3 levels left

rFire   + . .        Y - +0 shortbow (freeze)
rCold   . . .        (shield currently unavailable)
rNeg    . . .        c - +0 leather armour
rPois   .            (no helmet)
rElec   .            (no cloak)
rCorr   .            (no gloves)
SInv    .            (no boots)
Will    .....        (no amulet)
Stlth   ++           f - +6 ring of dexterity
HPRegen 0.24/turn    k - ring of protection from fire
MPRegen 0.10/turn

%: no passive effects
@: no status effects
A: no striking features
a: no special abilities


You were on level 3 of the Dungeon.
You visited 1 branch of the dungeon, and saw 3 of its levels.

You collected 83 gold pieces.


   Skills:
 - Level 1.5 Fighting
 + Level 7.4 Ranged Weapons
 - Level 3.0 Dodging
 - Level 1.2 Stealth


You had 3 spell levels left.
You didn't know any spells.
Your spell library was empty.

Inventory:

Hand Weapons
 Y - a +0 shortbow of freezing (weapon)
Armour
 c - a +0 leather armour (worn)
Jewellery
 e - a ring of protection from cold
 f - a +6 ring of dexterity (left hand)
 k - a ring of protection from fire (right hand)
Scrolls
 a - a scroll of identify
Potions
 d - a potion of lignification {unknown}
 g - a potion of brilliance {unknown}
 h - a potion of resistance {unknown}

Dungeon Overview and Level Annotations

Branches:
Dungeon (3/15)

Altars:

Shops:
D:2 (


Message History

You shoot an arrow. The jackal barks!
The arrow hits the gnoll.
The arrow freezes the gnoll.
The gnoll is moderately wounded.
You shoot an arrow. The arrow hits the gnoll.
The arrow freezes the gnoll.
The gnoll is severely wounded.
You shoot an arrow. The arrow barely misses the gnoll.
You shoot an arrow. The arrow misses the jackal.
The arrow hits the gnoll but does no damage.
The gnoll is severely wounded.
The jackal stops to sniff the ground.
The jackal bites you but does no damage.
The jackal bites you.
You shoot an arrow. The arrow hits the jackal!
The arrow freezes the jackal.
You kill the jackal!
The jackal barely misses you.
You shoot an arrow. The arrow hits the jackal!
The arrow freezes the jackal.
You kill the jackal!
You shoot an arrow. The arrow completely misses the gnoll.
The gnoll hits you with a +0 whip.
You shoot an arrow. The arrow closely misses the gnoll.
The gnoll hits you with a +0 whip.
You shoot an arrow. The arrow hits the gnoll.
The arrow freezes the gnoll.
The gnoll is almost dead.
The gnoll hits you with a +0 whip.
You shoot an arrow. The arrow closely misses the gnoll.
The gnoll hits you with a +0 whip.
1547 ||| READING scroll of teleportation.
As you read the scroll of teleportation, it crumbles to dust.
You feel strangely unstable. The gnoll misses you.
You shoot an arrow. The arrow hits the gnoll!
The arrow freezes the gnoll.
You kill the gnoll!
You start resting.
Your surroundings suddenly seem different. 2 adders and a dart slug come into view.
Found 4 gold pieces.
The dart slug launches a dart at you. The slug dart hits you.
You die...

. #.#.# .
#.#S#
..#####.#..
##.#
........
....
......#
...#
..###....#
.........+
$.w....@.#
.........#
...S###..#
... ##.. #
.## .#
#.##### #.
#...... . .
######. ...
##.


You could see 2 adders and a dart slug.

Vanquished Creatures
  2 gnolls
  A worm (D:2)
  3 orcs (D:3)
  8 ball pythons
  5 endoplasms
  2 giant cockroaches (D:1)
  4 goblins
  3 hobgoblins (D:1)
  8 jackals
  7 kobolds (D:1)
  5 bats
  2 frilled lizards
  4 rats
54 creatures vanquished.

Notes
Turn   | Place    | Note
-------+----------+-------------------------------------------
     0 | D:1      | qw the Deep Elf Hunter began the quest for the Orb.
     0 | D:1      | Reached XP level 1. HP: 12/12 MP: 3/3
     0 | D:1      | 0 ||| qw: Version: 0.3-a-22-g0ed2b0b
     0 | D:1      | 0 ||| qw: Game counter: 6084
     0 | D:1      | 0 ||| qw: Melee chars always use a shield: true
     0 | D:1      | 0 ||| qw: God list: Okawaru
     0 | D:1      | 0 ||| qw: Allow faded altars: false
     0 | D:1      | 0 ||| qw: Do Orc after clearing Dungeon:15 true
     0 | D:1      | 0 ||| qw: Do second Lair branch before Depths: true
     0 | D:1      | 0 ||| qw: Lair rune preference: random
     0 | D:1      | 0 ||| qw: Goals: Normal
     0 | D:1      | 0 ||| PLANNING D:1-11
    96 | D:1      | Reached skill level 6 in Ranged Weapons
    96 | D:1      | Reached XP level 2. HP: 16/16 MP: 4/4
   298 | D:1      | Reached XP level 3. HP: 20/20 MP: 5/5
   346 | D:1      | Found a faded altar of an unknown god.
   570 | D:1      | Reached skill level 7 in Ranged Weapons
   841 | D:1      | 841 ||| UPGRADING to +6 ring of dexterity.
   842 | D:1      | 842 ||| UPGRADING to ring of protection from fire.
   843 | D:1      | 843 ||| READING 2 scrolls labelled ZAZAORR MIGA.
   844 | D:1      | 844 ||| READING 2 scrolls labelled NUUFE MOOSI.
   849 | D:1      | 849 ||| READING scroll labelled MOCWYT SULUGI.
   850 | D:1      | 850 ||| READING scroll labelled TOUR BAUPNYBLA.
   851 | D:1      | 851 ||| DROPPING scroll of butterflies.
   919 | D:2      | Found Hobecw's Antique Weapon Shoppe.
   922 | D:2      | 922 ||| SHOPLISTING arbalest (94 gold, have 74).
   922 | D:2      | 922 ||| SHOPLISTING longbow (136 gold, have 74).
  1447 | D:2      | 1447 ||| READING scroll labelled RUHIJANKOO.
  1448 | D:2      | 1448 ||| READING scroll labelled ZEWIKL DABAS.
  1458 | D:3      | Reached skill level 3 in Dodging
  1462 | D:3      | 1462 ||| STAIRDANCE
  1509 | D:3      | Reached XP level 4. HP: 25/25 MP: 6/6
  1546 | D:3      | HP: 3/25 [gnoll/+0 whip (5)]
  1547 | D:3      | 1547 ||| READING scroll of teleportation.
  1549 | D:3      | Killed from afar by a dart slug

Levels and vault maps discovered:
D:1:      amcnicky_arrival_single_pillar, layout_loops_corners,
          chequers_ecumenical_altar_simple, st_stairs_7
D:2:      layout_loops_ring, serial_shops, nicolae_shop_behind_doors,
          nicolae_concentric_dashed_squares_wild
D:3:      lemuel_castle_with_subvaults [lemuel_castle_interior_carwin_2],
          layout_basic, nrook_mini_vaults, uniq_sigmund

Skill      XL: |  1  2  3 |
---------------+----------+-----
Ranged Weapons | 6 7 |  7.4
Dodging        | 3 |  3.0
Fighting       | |  1.5
Stealth        | |  1.2

Action                     |  1- 3 |  4- 6 || total
---------------------------+-------+-------++-------
   Fire: Shortbow          |   116 |    14 ||   130
    Use: Scroll            |     6 |     1 ||     7
 Armour: Leather armour    |    13 |     1 ||    14
  Dodge: Dodged            |    20 |     2 ||    22

Table legend:
 A = Non-vault XP
 B = Vault XP
 C = Vault XP percentage of total XP
 D = Non-vault monster count
 E = Vault monster count
 F = Vault count percentage of total count
                 A         B        C        D         E       F
            +---------+---------+-------+---------+---------+-------
      Total |      87 |      34 |  28.1 |      49 |       5 |   9.3
            +---------+---------+-------+---------+---------+-------
        D:1 |      55 |      15 |  21.4 |      33 |       2 |   5.7
        D:2 |      20 |       0 |   0.0 |      11 |       0 |   0.0
        D:3 |      12 |      19 |  61.3 |       5 |       3 |  37.5
            +---------+---------+-------+---------+---------+-------
